 Dungeon Crawl Stone Soup version 0.24-a0-584-g9d6b971ae4 (webtiles) character file.

Game seed: 2735530244754749857, levelgen mode: deterministic

3502 Mithandil the Schismatic (level 9, -12/67 (68) HPs)
             Began as a Demonspawn Abyssal Knight on Sept 3, 2019.
             Was an Elder of Lugonu.
             Killed from afar by a gargoyle (15 damage)
             ... with a stone arrow
             ... on level 8 of the Dungeon.
             The game lasted 00:27:55 (7450 turns).

Mithandil the Schismatic (DsAK)                     Turns: 7450, Time: 00:27:55

HP:   -12/67 (68)   AC: 16    Str: 15    XL:     9   Next: 80%
MP:   14/14         EV:  6    Int: 15    God:    Lugonu [****..]
Gold: 350           SH:  5    Dex: 14    Spells: 8/8 levels left

rFire    . . .     SeeInvis +   n - +10 Maxwell's thermic engine {flame, freeze}
rCold    . . .     Gourm    .   m - +0 buckler
rNeg     . . .     Faith    .   l - +1 plate armour
rPois    .         Spirit   .   (no helmet)
rElec    .         Reflect  .   i - +0 cloak
rCorr    +         Harm     .   (no gloves)
MR       .....                  (no boots)
Stlth    +.........             (no amulet)
HPRegen  0.21/turn              j - ring of resist corrosion
MPRegen  0.14/turn              A - ring of see invisible

@: hasted, very quick
A: talons 2, molten scales 1, agile 1, nightstalker 3
a: Depart the Abyss, Bend Space, Banish, Corrupt, Renounce Religion


You were on level 8 of the Dungeon.
You worshipped Lugonu.
Lugonu was greatly pleased with you.
You were not hungry.

You visited 1 branch of the dungeon, and saw 9 of its levels.
You visited the Abyss 1 time.

You collected 350 gold pieces.

Inventory:

Hand Weapons
 a - a +4 falchion
 b - a +0 hand crossbow
 f - a +2 mace of protection
 g - a +0 whip of electrocution
 h - a +0 whip of flaming
 n - the +10 Maxwell's thermic engine (weapon) {flame, freeze}
   (You found it on level 4 of the Dungeon)

   It has been specially enchanted to burn those struck by it, causing extra
   injury to most foes and up to half again as much damage against particularly
   susceptible opponents.
   Big, fiery blades are also staple armaments of hydra-hunters.
   It has been specially enchanted to freeze those struck by it, causing extra
   injury to most foes and up to half again as much damage against particularly
   susceptible opponents.
 o - a +0 trident
 w - a +0 hunting sling
 y - a +4 whip of flaming
 J - a cursed +4 dagger
 K - a +1 scimitar
 M - a +1 long sword of freezing
Missiles
 k - 20 poisoned darts
 q - 42 bolts
 t - 13 sling bullets
 z - 5 boomerangs (quivered)
Armour
 i - a +0 cloak (worn)
 l - a +1 plate armour (worn)
 m - a +0 buckler (worn)
 s - a +0 ring mail of fire resistance
Magical Staves
 D - an uncursed staff of poison {unknown}
 O - a cursed staff of wizardry {unknown}
Jewellery
 j - a ring of resist corrosion (left hand)
 r - an uncursed ring of magical power
 A - a ring of see invisible (right hand)
 B - an uncursed ring of ice
Wands
 d - a wand of disintegration (9)
 C - a wand of paralysis (9)
 E - a wand of acid (9)
Scrolls
 e - a scroll of magic mapping
 F - 2 scrolls of fog
 G - a scroll of identify
 I - a scroll of enchant armour
 L - a scroll of silence {unknown}
 N - a scroll of amnesia
Potions
 p - a potion of heal wounds
 v - a potion of agility
 H - a potion of curing
Comestibles
 c - 13 rations
 u - 4 chunks of flesh


   Skills:
 + Level 5.5 Fighting
 * Level 6.6 Long Blades
 + Level 4.7 Armour
 + Level 4.5 Dodging
 + Level 4.6 Stealth
 - Level 4.0 Shields
 - Level 2.1 Unarmed Combat
 + Level 6.8 Invocations


You had 8 spell levels left.
You didn't know any spells.
Your spell library was empty.

Dungeon Overview and Level Annotations

Branches:
Dungeon (9/15)             Temple (0/1) D:7
   Lair: D:8-11         Orc: D:9-12

Altars:
Cheibriados
Gozag
Ru
Wu Jian
Yredelemnul
The Shining One

Annotations:
D:3 3 runed translucent doors, SlightEye's ghost, amateur FoFi; Thargor's ghost, amateur DEWz; eskilway's ghost, amateur TrMo


Innate Abilities, Weirdness & Mutations

You have razor-sharp toenails.
You are partially covered in molten scales. (AC +2)
You are completely attuned to the shadows.
You are agile. (Dex +2)


Message History

The stone arrow hits you!
You hit the gargoyle. You burn the gargoyle. You freeze the gargoyle.
The gargoyle is heavily damaged.
The gargoyle hits you with a +2 dire flail of holy wrath!
* * * LOW HITPOINT WARNING * * *
You convulse!
* * * LOW HITPOINT WARNING * * *
You hit the gargoyle but do no damage. You freeze the gargoyle.
The gargoyle is heavily damaged.
Your plate armour prevents you from hitting the gargoyle.
The gargoyle is heavily damaged.
The gargoyle hits you with a +2 dire flail of holy wrath.
* * * LOW HITPOINT WARNING * * *
You convulse.
* * * LOW HITPOINT WARNING * * *
You hit the gargoyle. You burn the gargoyle. You freeze the gargoyle.
The gargoyle is almost destroyed.
The gargoyle hurls a stone arrow at you.
The stone arrow hits you!
You die...

.....#...
....#.......#
.....#........
..............
###........@9...
##...............
#.......##...#...
#........#.......
#<.[....##.......
......>..#.......
#...............
#........#..
...........##.


You could see a gargoyle.

Vanquished Creatures
  Pikel (D:4)
  Grinder (D:4)
  Sigmund (D:4)
  A water moccasin (D:7)
  A sky beast (D:5)
  A phantom (D:6)
  2 necrophages
  2 ogres
  3 centaurs
  5 bullfrogs
  A gnoll sergeant (D:6)
  3 scorpions
  8 wights
  2 howler monkeys
  4 orc priests
  2 jellies
  A hound (D:5)
  2 iguanas
  9 orc wizards
  2 worker ants (D:4)
  A hound zombie (D:5)
  11 gnolls
  9 adders
  A shadow imp (D:7)
  An adder skeleton (D:5)
  3 worms
  2 dart slugs
  A leopard gecko (D:1)
  28 orcs
  2 giant cockroaches
  9 goblins
  8 hobgoblins
  13 jackals
  7 kobolds
  4 quokkas
  2 ball pythons
  2 bats
  11 frilled lizards
  A quokka zombie (D:6)
  9 rats
177 creatures vanquished.

Vanquished Creatures (others)
  4 withered plants (D:3)
4 creatures vanquished.

Grand Total: 181 creatures vanquished

Notes
Turn   | Place    | Note
-------+----------+-------------------------------------------
     0 | Abyss:1  | Mithandil the Demonspawn Abyssal Knight began the quest for
                  | the Orb.
     0 | Abyss:1  | Reached XP level 1. HP: 18/18 MP: 2/2
    50 | Abyss:1  | Noticed a large abomination
    52 | D:1      | Escaped the Abyss
   286 | D:2      | Reached skill level 1 in Dodging
   286 | D:2      | Gained mutation: You have sharp toenails. [demonic
                  | ancestry]
   286 | D:2      | Reached XP level 2. HP: 12/24 MP: 3/3
   287 | D:2      | Reached * piety under Lugonu
   390 | D:2      | Found a snail-covered altar of Cheibriados.
   704 | D:1      | Gained mutation: You have razor-sharp toenails. [demonic
                  | ancestry]
   704 | D:1      | Reached XP level 3. HP: 29/29 MP: 5/5
  1713 | D:2      | Reached ** piety under Lugonu
  1716 | D:2      | Reached skill level 1 in Stealth
  1985 | D:3      | Reached XP level 4. HP: 35/35 MP: 6/6
  2521 | D:3      | Reached skill level 1 in Unarmed Combat
  2639 | D:4      | Noticed Sigmund
  2810 | D:3      | Gained mutation: You are slightly more attuned to the
                  | shadows. [demonic ancestry]
  2810 | D:3      | Reached XP level 5. HP: 41/41 MP: 7/7
  2938 | D:3      | Found a runed translucent gate.
  2938 | D:3      | Found a runed translucent gate.
  2938 | D:3      | Found a runed translucent gate.
  2939 | D:3      | Noticed eskilway's ghost (amateur TrMo)
  2939 | D:3      | Noticed Thargor's ghost (amateur DEWz)
  2939 | D:3      | Noticed SlightEye's ghost (amateur FoFi)
  3136 | D:3      | Found an opulent altar of Gozag.
  3541 | D:4      | Found the +2 Maxwell's thermic engine {flame, freeze}
  3600 | D:4      | Killed Sigmund
  3600 | D:4      | Reached skill level 1 in Shields
  3600 | D:4      | Gained mutation: You are significantly more attuned to the
                  | shadows. [demonic ancestry]
  3600 | D:4      | Reached XP level 6. HP: 21/47 MP: 8/8
  3814 | D:5      | Entered Level 5 of the Dungeon
  4029 | D:4      | Noticed Grinder
  4057 | D:4      | Killed Grinder
  4057 | D:4      | Reached *** piety under Lugonu
  4057 | D:4      | Gained mutation: You are completely attuned to the shadows.
                  | [demonic ancestry]
  4057 | D:4      | Reached XP level 7. HP: 4/53 MP: 10/10
  4435 | D:4      | Noticed Pikel
  4443 | D:4      | Killed Pikel
  4443 | D:4      | Reached XP level 8. HP: 31/60 MP: 11/11
  4497 | D:4      | Gained mutation: You are agile. (Dex +2) [potion of
                  | mutation]
  4497 | D:4      | Gained mutation: You are partially covered in molten
                  | scales. (AC +2) [potion of mutation]
  4609 | D:4      | Found a basalt altar of Yredelemnul.
  4881 | D:4      | Reached skill level 5 in Invocations
  5265 | D:5      | Found an ornate altar of the Wu Jian Council.
  5276 | D:5      | Reached skill level 5 in Long Blades
  5538 | D:5      | Found a sacrificial altar of Ru.
  5939 | D:6      | Mutation became permanent: You are partially covered in
                  | molten scales. (AC +2) [demonic ancestry]
  5939 | D:6      | Gained mutation: You are partially covered in molten
                  | scales. (AC +2) [demonic ancestry]
  5939 | D:6      | Reached XP level 9. HP: 65/65 MP: 13/13
  5989 | D:7      | Reached **** piety under Lugonu
  6025 | D:6      | Reached skill level 5 in Fighting
  6320 | D:6      | Found a glowing golden altar of the Shining One.
  6953 | D:7      | Found a staircase to the Ecumenical Temple.
  7434 | D:8      | Noticed a gargoyle
  7449 | D:8      | HP: 3/67 [gargoyle/+2 dire flail of holy wrath (3)]
  7450 | D:8      | Killed from afar by a gargoyle

Levels and vault maps discovered:
D:1:      onia_arrival_mini_maze, layout_basic, minmay_heptomino_h4
D:2:      layout_basic, kennysheep_slug_shrine, kennysheep_generic_room_13
D:3:      layout_basic, gammafunk_ghost_cemetery, grunt_gozag_statues
D:4:      layout_gridville, first_ration, yredelemnul_altar_generic,
          uniq_sigmund, uniq_grinder, uniq_pikel
D:5:      layout_cave_pools, nicolae_overflow_hidden_temple, lemuel_round_altar,
          dk_vineyard_1
D:6:      layout_loops_ring, basic_altar
D:7:      layout_gridville, minmay_temple_entry_arrows
D:8:      layout_cave_pools, chequers_temple_overflow_minitemple, basic_altar,
          grunt_livestock
D:9:      layout_irregular_city, kennysheep_little_box, orc_0_dummy,
          serial_park_tiny_1, minmay_radiant, uniq_grum

Skill      XL: |  1  2  3  4  5  6  7  8  9 |
---------------+----------------------------+-----
Long Blades    | 2 3 4 5 6 |  6.6
Dodging        | 1 2 3 4 |  4.5
Armour         | 2 3 4 |  4.7
Invocations    | 3 4 5 6 |  6.8
Stealth        | 1 2 3 4 |  4.6
Unarmed Combat | 1 2 |  2.1
Shields        | 1 2 3 4 |  4.0
Fighting       | 4 5 |  5.5

Action                   |  1- 3 |  4- 6 |  7- 9 || total
-------------------------+-------+-------+-------++-------
Melee: Falchion          |    99 |    73 |       ||   172
       Kick              |     8 |    25 |    56 ||    89
       Double sword      |       |    32 |   241 ||   273
Invok: Depart the Abyss  |     1 |       |       ||     1
  Use: Scroll            |     2 |     8 |     5 ||    15
       Potion            |     1 |     6 |     6 ||    13
 Stab: Sleeping          |       |     2 |       ||     2
       Distracted        |       |     1 |       ||     1
       Invisible         |       |       |     1 ||     1
  Eat: Chunk             |     3 |     7 |     8 ||    18
       Ration            |       |       |     1 ||     1
Armor: Leather armour    |    18 |       |       ||    18
       Ring mail         |    14 |    29 |       ||    43
       Plate armour      |       |    23 |   166 ||   189
Dodge: Dodged            |    64 |    60 |    71 ||   195
Block: Buckler           |       |     8 |    54 ||    62
       Rpst.: Falchion   |    22 |    15 |       ||    37
       Double sword      |       |     4 |    25 ||    29

Table legend:
 A = Non-vault XP
 B = Vault XP
 C = Vault XP percentage of total XP
 D = Non-vault monster count
 E = Vault monster count
 F = Vault count percentage of total count
                 A         B        C        D         E       F
            +---------+---------+-------+---------+---------+-------
      Total |    3832 |    1171 |  23.4 |     168 |       9 |   5.1
            +---------+---------+-------+---------+---------+-------
        D:1 |      30 |       7 |  18.9 |      19 |       4 |  17.4
        D:2 |      50 |       6 |  10.7 |      22 |       2 |   8.3
        D:3 |     162 |       0 |   0.0 |      24 |       0 |   0.0
        D:4 |     374 |    1158 |  75.6 |      26 |       3 |  10.3
        D:5 |     923 |       0 |   0.0 |      23 |       0 |   0.0
        D:6 |    1238 |       0 |   0.0 |      32 |       0 |   0.0
        D:7 |     892 |       0 |   0.0 |      17 |       0 |   0.0
        D:8 |     163 |       0 |   0.0 |       5 |       0 |   0.0
            +---------+---------+-------+---------+---------+-------
